 Dungeon Crawl Stone Soup version 0.32-a0-932-g5467873 (webtiles) character file.

Game seed: 9920382483520414982

1592859 DunwichHorror the End of an Era (level 27, 266/266 HPs)
             Began as a Mountain Dwarf Fighter on Apr 10, 2024.
             Was the Champion of Qazlal.
             Escaped with the Orb
             ... and 3 runes on Apr 14, 2024!
             The game lasted 04:18:50 (82955 turns).

DunwichHorror the End of an Era (MDFi)             Turns: 82955, Time: 04:18:51

Health: 266/266    AC: 41    Str: 35    XL:     27
Magic:  32/32      EV: 17    Int: 14    God:    Qazlal [******]
Gold:   2268       SH: 36    Dex: 11    Spells: 26/26 levels left

rFire   + + +        w - +8 mithril axe "Arga" {speed, Will+}
rCold   + . .        p - +5 tower shield {reflect}
rNeg    + + +        t - +13 plate armour of Lucidity {rElec rC+}
rPois   +            v - +2 hat "Bisuesic" {rPois Dex+2}
rElec   +            g - scarf {rC+ rF+}
rCorr   +            Z - +2 pair of gloves of Exclusion {Rampage rPois rF+++ Int-2}
SInv    +            Q - +0 pair of boots
Will    +++++        C - macabre finger necklace {Finger+ rN+} Stlth
                     P - ring of Odots {+Blink rN++ rCorr Int+3}
HPRegen 0.64/turn    u - ring "Facet" {rElec Will+ rCorr EV+5 Stlth+}
MPRegen 0.23/turn    Y - ring "Xohough" {rF+ Will+ Str+3 Int+3 SInv}

%: random rage (3%), repel missiles, reflection, rampage
@: studying Unarmed Combat
A: runic magic, artefact enchanting, horns 1, berserk 1, low MP 2, cold
vulnerability 1, subdued magic 1, inability to drink after injury 1
0: Orb of Zot
}: 3/15 runes: serpentine, barnacled, slimy
a: Renounce Religion, Evoke Blink, Upheaval, Elemental Force, Disaster Area


You escaped.
You worshipped Qazlal.
Qazlal was exalted by your worship.
You visited 11 branches of the dungeon, and saw 52 of its levels.
You visited the Abyss 1 time.
You visited 1 bazaar.
You visited 1 ziggurat, and saw 12 of its levels.
You also visited: Trove, Bailey and Wizlab.

You collected 8917 gold pieces.
You spent 6649 gold pieces at shops.

Inventory:

Hand Weapons
 w - the +8 mithril axe "Arga" (weapon) {speed, Will+}
   (You bought it in a shop on level 1 of the Vaults)

   Will+:     It increases your willpower.
Missiles
 h - 5 javelins
 F - 19 silver javelins
 H - 7 throwing nets
 J - 2 curare-tipped darts
Armour
 g - a scarf of resistance (worn)
 p - a +5 tower shield of reflection (worn)
 r - a +1 cloak of willpower
 t - the +13 plate armour of Lucidity (worn) {rElec rC+}
   (You took it off a deep elf master archer on level 3 of the Elven Halls)

   rC+:       It protects you from cold.
   rElec:     It insulates you from electricity.
 v - the +2 hat "Bisuesic" (worn) {rPois Dex+2}
   (You found it in a treasure trove)

   Dex+2:     It affects your dexterity (+2).
   rPois:     It protects you from poison.
 Q - a +0 pair of boots (worn)
 Z - the +2 pair of gloves of Exclusion (worn) {Rampage rPois rF+++ Int-2}
   (You bought it in a shop in a bazaar)

   Int-2:     It affects your intelligence (-2).
   rF+++:     It renders you almost immune to fire.
   rPois:     It protects you from poison.
   Rampage:   It bestows one free step when moving towards enemies.
Jewellery
 d - the ring of Entrepreneurial Spirit {rElec rC+ Will++ Int+2}
   (You bought it in a shop on level 2 of the Depths)

   [ring of protection from cold]

   Int+2:     It affects your intelligence (+2).
   rC+:       It protects you from cold.
   rElec:     It insulates you from electricity.
   Will++:    It greatly increases your willpower.
 u - the ring "Facet" (right hand) {rElec Will+ rCorr EV+5 Stlth+}
   (You found it on level 5 of the Pits of Slime)

   [ring of evasion]

   EV+5:      It affects your evasion (+5).
   rElec:     It insulates you from electricity.
   Will+:     It increases your willpower.
   rCorr:     It protects you from acid and corrosion.
   Stlth+:    It makes you more stealthy.
 y - the ring of Dinn {rN+ Will+ rCorr Str+2 Int-5 Dex+2}
   (You found it on level 6 of a ziggurat)

   [ring of resist corrosion]

   Str+2:     It affects your strength (+2).
   Int-5:     It affects your intelligence (-5).
   Dex+2:     It affects your dexterity (+2).
   rN+:       It protects you from negative energy.
   Will+:     It increases your willpower.
   rCorr:     It protects you from acid and corrosion.
 C - the macabre finger necklace (around neck) {Finger+ rN+}
   (You found it on level 7 of a ziggurat)

   [amulet of nothing]

   Finger+:   It enables you to equip an extra ring.
   rN+:       It protects you from negative energy.
 K - the ring "Qiromoz" {rPois rF++ Will+ Stlth+}
   (You took it off a boggart on level 15 of the Dungeon)

   [ring of poison resistance]

   rF++:      It greatly protects you from fire.
   rPois:     It protects you from poison.
   Will+:     It increases your willpower.
   Stlth+:    It makes you more stealthy.
 N - the ring "Omnel" {rPois rF+ rC+ AC+4 Str-4}
   (You took it off a yaktaur on level 15 of the Dungeon)

   [ring of protection]

   AC+4:      It affects your AC (+4).
   Str-4:     It affects your strength (-4).
   rF+:       It protects you from fire.
   rC+:       It protects you from cold.
   rPois:     It protects you from poison.
 P - the ring of Odots (left hand) {+Blink rN++ rCorr Int+3}
   (You found it on level 8 of the Dungeon)

   [ring of resist corrosion]

   Int+3:     It affects your intelligence (+3).
   rN++:      It greatly protects you from negative energy.
   +Blink:    It lets you blink.
   rCorr:     It protects you from acid and corrosion.
 Y - the ring "Xohough" (on amulet) {rF+ Will+ Str+3 Int+3 SInv}
   (You found it in a treasure trove)

   [ring of willpower]

   Str+3:     It affects your strength (+3).
   Int+3:     It affects your intelligence (+3).
   rF+:       It protects you from fire.
   Will+:     It increases your willpower.
   SInv:      It lets you see invisible.
Wands
 a - a wand of roots (5)
 A - a wand of quicksilver (25) (quivered)
 I - a wand of digging (24)
Scrolls
 b - 3 scrolls of silence
 e - 10 scrolls of immolation
 j - 11 scrolls of blinking
 l - 18 scrolls of teleportation
 m - a scroll of noise
 n - 6 scrolls of fog
 o - 9 scrolls of poison
 s - 8 scrolls of fear
 R - 7 scrolls of butterflies
 V - a scroll of revelation
Potions
 c - 5 potions of lignification
 f - 14 potions of curing
 i - 9 potions of cancellation
 q - 7 potions of enlightenment
 x - 8 potions of attraction
 z - 2 potions of haste
 B - 3 potions of berserk rage
 D - 7 potions of heal wounds
 E - 4 potions of magic
 L - 3 potions of might
 M - 2 potions of resistance
 U - 5 potions of invisibility
Miscellaneous
 k - a phantom mirror


   Skills:
 * Level 25.3 Fighting
 - Level 15.9(18.0) Axes
 - Level 14.0(17.0) Maces & Flails
 + Level 17.6 Throwing
 + Level 23.8 Armour
 + Level 11.6 Dodging
 - Level 25.4 Shields
 O Level 27 Invocations
 - Level 3.0 Evocations


You had 26 spell levels left.
You didn't know any spells.
Your spell library contained the following spells:

 Spells                   Type           Power      Damage    Failure   Level
 Apportation              Tloc           0%         N/A       34%         1
 Foxfire                  Conj/Fire      0%         2x1d4     34%         1
 Magic Dart               Conj           0%         1d3       34%         1
 Necrotise                Necr           0%         1d4       34%         1
 Sandblast                Erth           0%         2d4       34%         1
 Sting                    Conj/Alch      0%         1d3       34%         1
 Blink                    Tloc           0%         N/A       47%         2
 Call Imp                 Summ           0%         N/A       47%         2
 Cigotuvi's Dreadful Rot  Necr/Alch/Air  0%         N/A       47%         2
 Jinxbite                 Hex            0%         N/A       47%         2
 Mercury Vapours          Alch/Air       0%         N/A       47%         2
 Scorch                   Fire           0%         2d5       47%         2
 Searing Ray              Conj           0%         2d4       47%         2
 Static Discharge         Conj/Air       0%         3-3/arc   47%         2
 Sublimation of Blood     Necr           0%         N/A       47%         2
 Call Canine Familiar     Summ           0%         N/A       73%         3
 Dazzling Flash           Conj/Hex       0%         N/A       73%         3
 Fugue of the Fallen      Necr           0%         N/A       73%         3
 Inner Flame              Hex/Fire       0%         N/A       73%         3
 Mephitic Cloud           Conj/Alch/Air  0%         N/A       73%         3
 Ozocubu's Armour         Ice            0%         N/A       73%         3
 Passwall                 Erth           0%         N/A       73%         3
 Sigil of Binding         Hex            0%         N/A       73%         3
 Stone Arrow              Conj/Erth      0%         3d7       73%         3
 Tukima's Dance           Hex            0%         N/A       73%         3
 Vampiric Draining        Necr           0%         2d6       73%         3
 Volatile Blastmotes      Fire/Tloc      0%         2d10      73%         3
 Anguish                  Hex/Necr       0%         N/A       98%         4
 Animate Armour           Summ/Erth      0%         N/A       98%         4
 Animate Dead             Necr           0%         N/A       98%         4
 Brom's Barrelling Bould  Conj/Erth      0%         2d3       98%         4
 Dimensional Bullseye     Hex/Tloc       0%         N/A       98%         4
 Flame Wave               Conj/Fire      0%         2d4       98%         4
 Ignite Poison            Fire/Alch      0%         N/A       98%         4
 Leda's Liquefaction      Alch/Erth      0%         N/A       98%         4
 Martyr's Knell           Necr/Summ      0%         N/A       98%         4
 Olgreb's Toxic Radiance  Alch           0%         N/A       98%         4
 Passage of Golubria      Tloc           0%         N/A       98%         4
 Petrify                  Alch/Erth      0%         N/A       98%         4
 Sticky Flame             Fire/Alch      0%         2d4       98%         4
 Summon Blazeheart Golem  Fire/Summ      0%         N/A       98%         4
 Summon Lightning Spire   Summ/Air       0%         N/A       98%         4
 Vhi's Electric Charge    Tloc/Air       0%         N/A       98%         4
 Alistair's Intoxication  Alch           0%         N/A       100%        5
 Arcjolt                  Conj/Air       0%         1d10      100%        5
 Borgnjor's Vile Clutch   Necr/Erth      0%         N/A       100%        5
 Curse of Agony           Necr           0%         N/A       100%        5
 Freezing Cloud           Conj/Ice/Air   0%         6-21      100%        5
 Irradiate                Conj/Alch      0%         3d11      100%        5
 Lee's Rapid Deconstruct  Erth           0%         3d4*      100%        5
 Silence                  Hex/Air        0%         N/A       100%        5
 Yara's Violent Unravell  Hex/Alch       0%         3d3       100%        5
 Bombard                  Conj/Erth      0%         9d1       100%        6
 Death Channel            Necr           0%         N/A       100%        6
 Dispersal                Tloc           0%         N/A       100%        6
 Gell's Gavotte           Tloc           0%         2d(11-16) 100%        6
 Permafrost Eruption      Ice/Erth       0%         2x4d1     100%        6
 Plasma Beam              Fire/Air       0%         2x1d10    100%        6
 Starburst                Conj/Fire      0%         6d3       100%        6
 Summon Cactus Giant      Summ           0%         N/A       100%        6
 Malign Gateway           Summ/Tloc      0%         N/A       100%        7
 Manifold Assault         Tloc           0%         N/A       100%        7
 Orb of Destruction       Conj           0%         9d5       100%        7
 Spellforged Servitor     Conj/Summ      0%         N/A       100%        7
 Disjunction              Tloc           0%         N/A       100%        8
 Ignition                 Fire           0%         3d3       100%        8
 Lehudib's Crystal Spear  Conj/Erth      0%         10d2      100%        8
 Maxwell's Capacitive Co  Air            0%         ∞         100%        8
 Dragon's Call            Summ           0%         N/A       100%        9
 Polar Vortex             Ice            0%         N/A       100%        9


Dungeon Overview and Level Annotations

Branches:
Dungeon (15/15)            Temple (1/1) D:4            Lair (5/5) D:9
 Shoals (4/4) Lair:3        Snake (4/4) Lair:3        Slime (5/5) Lair:4
    Orc (2/2) D:12            Elf (3/3) Orc:2        Vaults (4/5) D:13
  Crypt (0/3) Vaults:2     Depths (4/4) D:15            Zot (5/5) Depths:4
 Bailey (visited)          WizLab (visited)

Altars:
Ashenzari
Cheibriados
Dithmenos
Elyvilon
Fedhas
Gozag
Hepliaklqana
Kikubaaqudgha
Makhleb
Nemelex Xobeh
Okawaru
Qazlal
Ru
Sif Muna
Trog
Uskayaw
Vehumet
Wu Jian
Xom
Yredelemnul
Zin
The Shining One
Beogh
Jiyva

Shops:
D:8 *   D:9 (   D:11 [   Orc:1 *   Orc:2 ([*=   Elf:2 (   Shoals:2 =
Snake:1 *   Vaults:1 (   Vaults:2 [(:!   Depths:2 =::

Portals:
Hell: Lair:5 Depths:1 Depths:2 Depths:3 Depths:4
Abyss: Depths:3
Pandemonium: Depths:1 Depths:2

Annotations:
Zot:2 2 transporters, exclusion: obsidian statue


Innate Abilities, Weirdness & Mutations

Your spellcasting is much less encumbered by armour.
You can use scrolls of enchantment on lesser artefacts.
You have a pair of small horns on your head.
You sometimes lose your temper in combat.
Your magical capacity is very low. (-20% MP)
You are vulnerable to cold. (rC-)
Your spells are a little easier to cast, but a little less powerful.
You occasionally lose the ability to drink potions when taking damage.


Message History

You feel yourself speed up.
You climb upwards.
There is a stone staircase leading down here.
Unknown command.
What level of the Dungeon? (default 1, ? - help)
You recover from your berserk rage.
There is a stone staircase leading up here.
You climb upwards.
There is a stone staircase leading down here.
Things that are here:
a +0 mace; a +0 mace; an orc skeleton
Items here: )) [ ÷÷.
You see here 2 stones.
Things that are here:
a +0 giant club; an ogre skeleton
There is a stone staircase leading up here.
You climb upwards.
There is a stone staircase leading down here.
There is a stone staircase leading up here.
You climb upwards.
There is a stone staircase leading down here.
There is a stone staircase leading up, spattered with blood here.
You climb upwards.
There is a stone staircase leading down here.
A reaper comes into view. It is wielding a +3 heavy scythe.
You rampage towards the reaper!
There is a stone staircase leading up here.
You climb upwards.
There is a stone staircase leading down, spattered with blood here.
What level of the Dungeon? (default 1, ? - help)
Things that are here:
a +0 whip; a jackal skeleton; a jackal skeleton You see here a rat skeleton.
There is a stone staircase leading up here.
You climb upwards.
There is a stone staircase leading down here.
You see here a +0 robe.
There is an open door here.
There is a staircase leading out of the dungeon here.
You have escaped!

##### ######.@.######
###.....○.......###
###..........°......###
##.'.................'.#
#..#.................#.#
#.####.............###.##
#.# ###.........### #..#
#.# ###.....### ##.## #.#
###.........### #..#


There were no monsters in sight!

Vanquished Creatures
  the Royal Jelly (Slime:5)
  2 dread liches (Zot:1)
  12 orbs of fire
  3 ancient liches
  Sojobo (Vaults:3)
  Josephina (Depths:3)
  Margery (Vaults:3)
  Vashnia (Snake:2)
  2 Killer Klowns
  3 curse toes
  3 caustic shrikes
  17 golden dragons
  A bone dragon (Depths:3)
  Nikola (Vaults:1)
  Norris (Elf:2)
  3 electric golems
  10 tentacled monstrosities
  27 Orb Guardians
  2 liches
  A deep elf blademaster (Elf:2)
  5 quicksilver dragons
  A titan (Shoals:4)
  Asterion (Elf:3)
  A deep elf master archer (Elf:3)
  2 sphinxes
  A searing wretch (Vaults:3)
  25 acid blobs
  A walking divine tome (Depths:3)
  Agnes (D:14)
  2 walking frostbound tomes
  A kraken (Shoals:4)
  Frances (Snake:1)
  13 death cobs
  5 tengu reavers
  Aizul (Snake:1)
  Polyphemus (Shoals:2)
  Kirke (D:15)
  Donald (Vaults:2)
  5 nagarajas
  16 storm dragons
  8 shadow dragons
  6 protean progenitors
  13 rockslimes
  9 draconian monks
  12 azure jellies
  14 draconian knights
  6 draconian shifters
  3 fire giants
  7 deep elf sorcerers
  2 ghost moths
  18 vault wardens
  3 frost giants
  An iron dragon (Depths:3)
  2 deep elf elementalists
  3 balrugs
  10 draconian scorchers
  6 draconian stormcallers
  10 ironbound preservers
  A formless jellyfish (Vaults:4)
  11 draconian annihilators
  6 orc warlords
  10 quicksilver oozes
  A reaper (D:8)
  2 spriggan defenders
  17 very ugly things
  4 ironbound thunderhulks
  14 stone giants
  3 vampire knights
  9 deep elf death magi
  21 green draconians
  A bunyip (Zig:10)
  5 deep elf demonologists
  7 white draconians
  4 eleionomae
  6 deep elf annihilators
  A dire elephant (Vaults:4)
  13 yellow draconians
  12 purple draconians
  4 spark wasps (Depths:4)
  22 red draconians
  8 black draconians
  A blizzard demon (Vaults:2)
  An eidolon (Vaults:2)
  A green death (Zot:3)
  4 fire dragons
  The ghost of only3rune the Grappler, a journeyman TrFi of Wu Jian (D:12)
  4 crystal guardians (Vaults:4)
  14 great orbs of eyes
  8 ettins
  3 jiangshi
  11 merfolk impalers
  2 shambling mangroves (Zig:10)
  The ghost of Shrooty the Fighter, a journeyman MiFi of Beogh (Orc:2)
  4 merfolk javelineers (Shoals:4)
  14 yaktaur captains
  5 hydras
  8 ice dragons
  4 rakshasas
  5 deep elf high priests
  An entropy weaver (Vaults:2)
  2 ghost crabs
  5 salamander tyrants
  3 juggernaut simulacra
  The ghost of znke the Fighter, a journeyman DjFE of Ru (D:10)
  5 ogre magi
  3 peacekeepers (Vaults:4)
  2 hell beasts
  4 catoblepae
  29 vault guards
  7 ironbound frosthearts
  4 alligator snapping turtles
  A caustic shrike simulacrum (Zig:9)
  5 spriggan air magi
  14 centaur warriors
  A sphinx skeleton (Vaults:3)
  The ghost of aor the Cleaver, a novice MDFi of the Shining One (D:10)
  6 satyrs
  13 anacondas
  6 merfolk aquamancers
  13 two-headed ogres
  2 alligators
  6 boulder beetles
  26 dancing weapons
  4 merfolk avatars
  A stoker (Zig:12)
  3 occultists
  7 deep troll earth magi
  The ghost of znke the Frost Mage, a novice DgIE (D:10)
  10 naga sharpshooters
  A vampire mage (Depths:2)
  6 death yaks
  6 deep troll shamans
  2 tengu warriors
  4 hell knights
  8 shock serpents
  14 naga warriors
  8 orc high priests
  8 spriggan berserkers
  4 sun demons
  20 deep elf knights
  7 iron trolls
  4 spriggans
  A fire crab (shapeshifter) (D:14)
  2 sixfirhies
  A wretched star (Abyss:1)
  2 death drakes
  12 sea snakes
  12 skysharks
  A glowing orange brain (shapeshifter) (Depths:2)
  7 salamander mystics
  16 deep elf archers
  A flayed ghost (Depths:1)
  7 naga ritualists
  3 goliath frogs
  3 glowing orange brains
  8 arcanists
  38 deep trolls
  2 thermic dynamos (Elf:3)
  13 lindwurms
  14 mana vipers
  3 spriggan druids (Zig:8)
  20 ironbound convokers
  A wolf spider zombie (D:15)
  A harpy (shapeshifter) (D:15)
  8 harpies
  22 deep elf zephyrmancers
  7 necromancers
  20 orc knights
  A phantasmal warrior (Zig:1)
  An obsidian bat (Orc:2)
  32 deep elf pyromancers
  5 orc sorcerers
  25 salamanders
  22 fauns
  A will-o-the-wisp (Zig:8)
  46 ugly things
  6 cyclopes
  A meliai (shapeshifter) (D:8)
  28 moths of wrath
  7 shining eyes
  18 manticores
  15 vault sentinels
  An elephant (shapeshifter) (Depths:3)
  6 guardian serpents
  An apocalypse crab (WizLab)
  5 merfolk sirens
  8 elephants
  18 naga magi
  7 water nymphs (Shoals:4)
  4 kobold blastminers
  A human skeleton (Vaults:3)
  A titan simulacrum (Depths:3)
  2 smoke demons
  A torpor snail (shapeshifter) (Depths:4)
  An orange demon (Lair:5)
  45 black mambas
  2 gargoyles
  3 eyes of devastation
  5 unseen horrors
  12 cane toads
  2 hellions
  6 rime drakes
  2 cane toads (shapeshifter)
  2 efreet
  An unseen horror (shapeshifter) (Elf:2)
  2 kobold demonologists (D:9)
  4 tengu conjurers
  36 yaktaurs
  6 freezing wraiths
  11 komodo dragons
  An ice devil (Lair:5)
  8 trolls
  17 merfolk
  4 red devils
  5 polar bears
  4 tyrant leeches
  10 hornets
  A bloated husk (Zig:10)
  33 blink frogs
  10 wind drakes
  5 glass eyes
  The ghost of spidder the Insei, an amateur OpSh of Ru (D:4)
  13 dream sheep
  9 snapping turtles
  A stone giant simulacrum (Vaults:3)
  102 slime creatures
  2 vampires (D:12)
  A centaur simulacrum (D:15)
  4 air elementals
  9 wyverns
  61 yaks
  2 shadows
  5 fire elementals
  A yak (shapeshifter) (Elf:1)
  26 water elementals
  6 golden eyes
  3 wraiths
  2 hogs (D:15)
  A redback (shapeshifter) (Depths:1)
  A redback simulacrum (D:15)
  6 basilisks
  10 redbacks
  3 steam dragons
  2 wargs
  5 vampire mosquitoes
  32 nagas
  An acid dragon (shapeshifter) (D:15)
  2 acid dragons
  7 hell hounds
  A swamp worm (shapeshifter) (Depths:3)
  15 water moccasins
  57 orc warriors
  9 black bears
  2 ice beasts
  A sky beast (D:7)
  4 laughing skulls (D:15)
  5 ogres
  2 swamp drakes
  20 centaurs
  9 boggarts
  7 wolves
  3 phantoms (D:6)
  6 kobold brigands
  Blork the orc (D:4)
  11 bullfrogs
  An earth elemental (Elf:1)
  8 scorpions
  2 glowing shapeshifter simulacra
  3 wights
  A small abomination (Abyss:1)
  3 killer bees (D:10)
  2 electric eels (D:12)
  6 howler monkeys
  3 centaur zombies (D:6)
  4 bullfrog zombies (D:6)
  4 lava snakes (Lair:3)
  36 orc priests
  6 hounds
  An iron imp (D:3)
  A jelly (D:8)
  3 centaur skeletons
  Crazy Yiuf (D:3)
  7 iguanas
  2 sleepcaps
  41 orc wizards
  A statue (D:8)
  8 gnolls
  10 adders
  A shadow imp (D:7)
  A white imp (D:7)
  2 dart slugs
  126 orcs
  4 endoplasms
  8 giant cockroaches
  10 hobgoblins
  4 jackals (D:2)
  2 quokkas
  9 ball pythons
  4 bats
  3 frilled lizards
  14 goblins
  29 kobolds
  8 rats
  3 aspiring fleshes (Zot:3)
  4 spectral weapons
  A tentacle (Shoals:4)
2446 creatures vanquished.

Vanquished Creatures (collateral kills)
  Saint Roka (Vaults:1)
  Mlioglotl (Snake:4)
  Roxanne (Snake:3)
  Azrael (Snake:2)
  A yaktaur captain (Vaults:2)
  An ironbound frostheart (Vaults:2)
  A merfolk aquamancer (Shoals:4)
  A death yak (Lair:2)
  A naga warrior (Snake:3)
  2 deep trolls (Vaults:1)
  An orc knight (Vaults:2)
  An ugly thing (Vaults:2)
  A salamander (Snake:3)
  A guardian serpent (Snake:3)
  2 yaktaurs (Vaults:2)
  A water elemental (Shoals:4)
  2 fire elementals (Snake:2)
  A hell hound (Snake:2)
21 creatures vanquished.

Vanquished Creatures (others)
  A shard shrike (Zig:9)
  A tengu reaver (Vaults:3)
  A frost giant (Zig:9)
  2 draconian knights
  A draconian annihilator (Zot:3)
  An ironbound thunderhulk (Vaults:1)
  A bunyip (Zig:8)
  A blizzard demon (Zig:9)
  A merfolk impaler (Shoals:4)
  A shambling mangrove (Zig:8)
  A salamander tyrant (Snake:3)
  An anaconda (Snake:2)
  A deep elf knight (Elf:3)
  A deep troll (Depths:2)
  A deep elf zephyrmancer (Elf:1)
  A manticore (D:15)
  A titan simulacrum (Depths:3)
  A slime creature (Vaults:1)
  A water elemental (Depths:3)
  A naga (Snake:2)
  2 orc wizards
  2 orcs (D:7)
  3 tentacles (Shoals:4)
28 creatures vanquished.

Grand Total: 2495 creatures vanquished

Notes
Turn   | Place    | Note
-------+----------+-------------------------------------------
     0 | D:1      | DunwichHorror the Mountain Dwarf Fighter began the quest
                  | for the Orb.
     0 | D:1      | Reached XP level 1. HP: 19/19 MP: 1/1
   142 | D:1      | Reached XP level 2. HP: 26/26 MP: 2/2
   979 | D:2      | Reached XP level 3. HP: 31/31 MP: 3/3
  1690 | D:2      | Reached XP level 4. HP: 40/40 MP: 4/4
  1977 | D:3      | Found a burning altar of Makhleb.
  2320 | D:3      | Found a runed translucent door.
  2321 | D:3      | Noticed Crazy Yiuf
  2323 | D:3      | Identified the +3 hammer "Quess" {drain, rF++ Will++ MP+9}
  2638 | D:3      | Reached XP level 5. HP: 19/46 MP: 5/5
  3384 | D:4      | Found a staircase to the Ecumenical Temple.
  3412 | D:4      | Reached skill level 5 in Maces & Flails
  3534 | D:4      | Reached XP level 6. HP: 14/53 MP: 6/6
  3787 | Temple   | Entered the Ecumenical Temple
  3819 | Temple   | Became a worshipper of Qazlal Stormbringer
  3851 | D:4      | Found a runed translucent gate.
  3852 | D:4      | Found a runed translucent gate.
  3852 | D:4      | Found a runed translucent gate.
  3853 | D:4      | Noticed spidder's ghost (amateur OpSh)
  4073 | D:3      | Reached skill level 5 in Fighting
  4650 | D:4      | Noticed Blork the orc
  4657 | D:4      | Killed Blork the orc
  5212 | D:3      | Killed Crazy Yiuf
  5213 | D:3      | Reached XP level 7. HP: 46/61 MP: 7/7
  5684 | D:5      | Entered Level 5 of the Dungeon
  5773 | D:5      | Found a glowing golden altar of the Shining One.
  6069 | D:5      | Reached XP level 8. HP: 70/71 MP: 8/8
  6945 | D:6      | Reached * piety under Qazlal
  7116 | D:6      | Reached skill level 10 in Maces & Flails
  7458 | D:6      | Reached XP level 9. HP: 81/81 MP: 9/9
  8174 | D:7      | Reached ** piety under Qazlal
  8260 | D:7      | Noticed a manticore
  8269 | D:7      | Killed a manticore
  8533 | D:7      | Identified the ring of Horghux {Fire rPois Int-4 Dex+3}
  8652 | D:7      | Reached skill level 1 in Invocations
  8875 | D:8      | Noticed a harpy
  8877 | D:8      | a harpy changed into a brain worm
  9047 | D:8      | Reached skill level 2 in Invocations
  9468 | D:8      | Noticed a two-headed ogre
  9697 | D:8      | Noticed a tengu warrior
  9697 | D:8      | Noticed a boulder beetle
  9698 | D:8      | Noticed a boulder beetle
  9699 | D:8      | Noticed a deep elf pyromancer
  9701 | D:8      | Noticed a white ugly thing
  9706 | D:8      | Found Tottuedi's General Store.
  9708 | D:8      | Found a broken altar of Ashenzari.
  9714 | D:8      | Bought a potion of curing for 45 gold pieces
  9714 | D:8      | Bought a scroll of noise for 15 gold pieces
  9714 | D:8      | Bought a wand of mindburst (5) for 105 gold pieces
  9777 | D:8      | Found a radiant altar of Vehumet.
  9815 | D:8      | Killed a two-headed ogre
  9816 | D:8      | Reached skill level 3 in Invocations
  9816 | D:8      | Reached XP level 10. HP: 91/91 MP: 12/12
 10336 | D:9      | Found a flagged portal.
 10345 | Bailey   | Entered a bailey
 10598 | D:9      | Noticed a two-headed ogre
 10604 | D:9      | Killed a two-headed ogre
 10605 | D:9      | Reached skill level 10 in Fighting
 10605 | D:9      | Reached skill level 4 in Invocations
 10687 | D:9      | Reached skill level 5 in Invocations
 10864 | D:9      | Reached skill level 6 in Invocations
 10906 | D:9      | Reached *** piety under Qazlal
 10944 | D:8      | Reached skill level 1 in Dodging
 10946 | D:8      | Reached skill level 5 in Shields
 10946 | D:8      | Reached skill level 7 in Invocations
 11200 | D:9      | Reached XP level 11. HP: 102/102 MP: 16/16
 11243 | D:9      | HP: 4/102 [slime creature (11)]
 11534 | D:9      | Reached skill level 5 in Armour
 11705 | D:9      | Found a staircase to the Lair.
 11811 | D:8      | Reached skill level 8 in Invocations
 12783 | D:9      | Found Ykiptett's Weapon Shop.
 12884 | D:9      | Found a runed translucent door.
 12886 | D:9      | Noticed a two-headed ogre
 13156 | Lair:1   | Entered Level 1 of the Lair of Beasts
 13374 | Lair:1   | Reached skill level 9 in Invocations
 13718 | Lair:1   | Reached skill level 10 in Invocations
 14113 | Lair:1   | Reached XP level 12. HP: 86/112 MP: 20/20
 14277 | Lair:1   | Reached skill level 11 in Invocations
 15278 | Lair:2   | Noticed a death yak
 15280 | Lair:2   | Noticed a death yak
 15282 | Lair:2   | Noticed a catoblepas
 15283 | Lair:2   | Noticed a death yak
 15298 | Lair:1   | Killed a death yak
 15382 | Lair:2   | Reached skill level 12 in Invocations
 15605 | Lair:2   | Reached **** piety under Qazlal
 15692 | Lair:2   | Identified the +6 trident of Uncomfortable Rashes {flame,
                  | +Blink rC+ Will+ Dex+3}
 15755 | Lair:2   | Killed a death yak
 15756 | Lair:2   | Killed a death yak
 15847 | Lair:2   | Killed a catoblepas
 16604 | Lair:3   | Reached skill level 13 in Invocations
 16735 | Lair:3   | Found a staircase to the Snake Pit.
 16781 | Lair:3   | Found a staircase to the Shoals.
 16973 | Lair:3   | Reached XP level 13. HP: 89/122 MP: 23/23
 17721 | Lair:4   | Reached skill level 14 in Invocations
 18028 | Lair:4   | Found a runed translucent door.
 18028 | Lair:4   | Found a viscous altar of Jiyva.
 18440 | Lair:4   | Found a staircase to the Slime Pits.
 18446 | Lair:5   | Entered Level 5 of the Lair of Beasts
 18830 | Lair:5   | Reached ***** piety under Qazlal
 18877 | Lair:5   | Reached skill level 15 in Invocations
 19158 | Lair:5   | Reached skill level 10 in Shields
 19655 | Lair:5   | Reached XP level 14. HP: 133/133 MP: 25/25
 19773 | Lair:5   | Found a burning altar of Makhleb.
 19977 | Lair:5   | Found a gateway to Hell.
 20470 | Abyss:1  | Cast into level 1 of the Abyss (kobold)
 20473 | Abyss:1  | Found a corrupted altar of Lugonu.
 20485 | Abyss:1  | Found a corrupted altar of Lugonu.
 20514 | Abyss:1  | Reached skill level 15 in Fighting
 20532 | D:4      | Escaped the Abyss
 20547 | D:4      | Killed spidder's ghost
 20987 | D:9      | Reached skill level 16 in Invocations
 21072 | D:10     | Entered Level 10 of the Dungeon
 21292 | D:10     | Found a shimmering altar of Xom.
 21293 | D:10     | Found a sparkling altar of Nemelex Xobeh.
 21377 | D:10     | Found a basalt altar of Yredelemnul.
 21594 | D:10     | Found a runed translucent gate.
 21596 | D:10     | Found a runed translucent gate.
 21596 | D:10     | Found a runed translucent gate.
 21598 | D:10     | Noticed aor's ghost (novice MDFi)
 21598 | D:10     | Noticed znke's ghost (novice DgIE)
 21598 | D:10     | Noticed znke's ghost (journeyman DjFE)
 22364 | D:11     | Identified the +6 plate armour of Tosim {Rampage rElec rF+
                  | Int+3}
 22520 | D:11     | Found a portal to a secret trove of treasure.
 22596 | D:11     | You paid a toll of 3 scrolls of blinking to enter a
                  | treasure trove
 22597 | Trove    | Entered a treasure trove
 22604 | Trove    | Identified the +2 hat "Bisuesic" {rPois Dex+2}
 22616 | Trove    | Identified the +9 demon whip "Leoxeq" {drain, rElec rC+
                  | Int+2}
 22621 | Trove    | Identified the ring "Xohough" {rF+ Will+ Str+3 Int+3 SInv}
 22636 | Trove    | Identified the amulet of the Coward {Reflect Str+5 SH+5}
 23129 | D:11     | Found Plog's Antique Armour Emporium.
 23136 | D:11     | Bought a pair of shimmering gloves for 247 gold pieces
 23136 | D:11     | Identified the +0 pair of gloves "Heisuaxt" {rF- rN+ Dex+2
                  | Stlth+} (You bought it in a shop on level 11 of the
                  | Dungeon)
 23136 | D:11     | Bought a pair of spiked gloves for 247 gold pieces
 23136 | D:11     | Identified the +2 pair of gloves "Jurch" {rF+ Int+3 Slay-2}
                  | (You bought it in a shop on level 11 of the Dungeon)
 23136 | D:11     | Bought a shiny chain mail for 195 gold pieces
 23270 | D:12     | Found a staircase to the Orcish Mines.
 23461 | D:12     | Found a glowing silver altar of Zin.
 23747 | D:12     | Found a runed translucent gate.
 23748 | D:12     | Found a runed translucent gate.
 23749 | D:12     | Found a runed translucent gate.
 23749 | D:12     | Identified the +4 chain mail "Veiwi" {Harm}
 23750 | D:12     | Noticed only3rune's ghost (journeyman TrFi)
 23959 | D:12     | Found a roughly hewn altar of Beogh.
 23991 | D:12     | Killed only3rune's ghost
 24134 | Orc:1    | Entered Level 1 of the Orcish Mines
 24290 | Orc:1    | Found a bloodstained altar of Trog.
 24478 | Orc:1    | Found Eghach's Assorted Antiques.
 24486 | Orc:1    | Bought a scroll of identify for 64 gold pieces
 24553 | Orc:2    | Entered Level 2 of the Orcish Mines
 24841 | Orc:2    | Found a staircase to the Elven Halls.
 24983 | Orc:2    | Found a runed translucent gate.
 24983 | Orc:2    | Found a runed translucent gate.
 24983 | Orc:2    | Found a runed translucent gate.
 24984 | Orc:2    | Noticed Shrooty's ghost (journeyman MiFi)
 25213 | Orc:2    | Noticed an orc warlord
 25223 | Orc:2    | Killed an orc warlord
 25756 | Orc:1    | Reached skill level 15 in Shields
 25840 | Orc:1    | Found a roughly hewn altar of Beogh.
 25850 | Orc:1    | Reached XP level 15. HP: 141/141 MP: 27/27
 26227 | Orc:2    | Found Gexusirch's Antique Armour Emporium.
 26228 | Orc:2    | Found Kaibaj's Antique Weapon Emporium.
 26230 | Orc:2    | Found Meroch's General Store.
 26230 | Orc:2    | Found Cirefuan's Jewellery Shoppe.
 26248 | Orc:2    | Bought a glowing hat for 224 gold pieces
 26375 | Orc:2    | Bought a scroll of fear for 48 gold pieces
 26375 | Orc:2    | Bought 5 javelins for 180 gold pieces
 26448 | Orc:2    | Killed Shrooty's ghost
 26873 | D:13     | Upgraded the game from 0.32-a0-918-g0f22ef8 to
                  | 0.32-a0-928-g1cae6b7
 26901 | D:13     | Found a gate to the Vaults.
 26946 | D:13     | Identified the +8 spear "Peamy" {pain, rCorr Str-2 Dex+4
                  | SInv}
 26985 | D:13     | Reached skill level 10 in Armour
 27687 | D:14     | Found a hide-covered altar of Uskayaw.
 28429 | D:15     | Entered Level 15 of the Dungeon
 28456 | D:15     | Noticed Agnes
 28456 | D:15     | Identified the ring "Qiromoz" {rPois rF++ Will+ Stlth+}
 28725 | D:14     | Killed Agnes
 28913 | D:15     | Reached skill level 17 in Invocations
 28930 | D:15     | Found an ancient bone altar of Kikubaaqudgha.
 29146 | D:15     | Identified the ring "Omnel" {rPois rF+ rC+ AC+4 Str-4}
 29251 | D:15     | Reached ****** piety under Qazlal
 29319 | D:15     | Identified the ring "Umoyteb" {Ice rPois Int+4 Dex+4}
 29330 | D:15     | Found an ancient bone altar of Kikubaaqudgha.
 29511 | D:15     | Reached XP level 16. HP: 144/151 MP: 28/28
 29597 | D:15     | Identified the +0 ice dragon scales "Wugonuloa" {+Blink rF-
                  | rC++ Stlth+}
 29672 | D:15     | Found a staircase to the Depths.
 29788 | D:15     | Found a glowing silver altar of Zin.
 29928 | D:15     | Noticed Kirke
 29932 | D:15     | Noticed a sphinx
 29950 | D:15     | Killed Kirke
 29979 | D:15     | Reached skill level 18 in Invocations
 30027 | D:15     | Found a transporter.
 30084 | D:15     | Found a transporter.
 30365 | Snake:1  | Entered Level 1 of the Snake Pit
 30538 | Snake:1  | Found Kaqu's Overcharged Wands.
 30961 | Snake:2  | Noticed Azrael
 30994 | Snake:2  | Noticed Frances
 31019 | Snake:2  | Identified the serpent talisman of Bad Feelings {Dex+2}
 31019 | Snake:2  | Noticed Aizul
 31036 | Snake:1  | Killed Aizul
 31303 | Snake:2  | Noticed Vashnia
 31911 | Snake:1  | Killed Frances
 32006 | Snake:2  | Killed Vashnia
 32032 | Snake:2  | Killed Azrael
 32516 | Snake:3  | Reached XP level 17. HP: 161/161 MP: 30/30
 32697 | Snake:3  | Noticed Roxanne
 32716 | Snake:3  | Killed Roxanne
 32717 | Snake:3  | Reached skill level 5 in Dodging
 33113 | Snake:3  | Reached skill level 19 in Invocations
 33801 | Snake:4  | Entered Level 4 of the Snake Pit
 34567 | Snake:4  | Noticed Mlioglotl
 34579 | Snake:4  | Killed Mlioglotl
 35801 | Snake:4  | Reached skill level 20 in Invocations
 35817 | Snake:4  | Reached XP level 18. HP: 162/172 MP: 32/32
 36060 | Snake:4  | Got a serpentine rune of Zot
 36461 | D:8      | Identified the ring of Odots {+Blink rN++ rCorr Int+3}
 36672 | D:10     | Killed aor's ghost
 36679 | D:10     | Killed znke's ghost
 36690 | D:10     | Killed znke's ghost
 37097 | Shoals:1 | Entered Level 1 of the Shoals
 38965 | Shoals:2 | Noticed Polyphemus
 38978 | Shoals:2 | Killed Polyphemus
 39292 | Shoals:2 | Reached skill level 15 in Armour
 39493 | Shoals:2 | Found Qoivuidetu's Jewellery Shoppe.
 40305 | Shoals:2 | Reached skill level 21 in Invocations
 41500 | Shoals:4 | Entered Level 4 of the Shoals
 41782 | Shoals:4 | Found a blossoming altar of Fedhas.
 42142 | Shoals:4 | Paralysed by an air elemental for 1 turns
 43059 | Shoals:4 | Reached XP level 19. HP: 184/184 MP: 33/33
 44121 | Shoals:4 | Got a barnacled rune of Zot
 44805 | Vaults:1 | Entered Level 1 of the Vaults
 44861 | Vaults:1 | Found Ewulist's Weapon Boutique.
 44893 | Vaults:1 | Found a flickering gateway to a bazaar.
 44902 | Bazaar   | Entered a bazaar
 44902 | Bazaar   | Found Wazonk's Magic Scroll Emporium.
 44902 | Bazaar   | Found Caav's Magic Scroll Shoppe.
 44947 | Bazaar   | Found Wuhips's Armour Boutique.
 44962 | Bazaar   | Found Orysik's Weapon Shop.
 44976 | Bazaar   | Found Gizakuc's General Store.
 44995 | Bazaar   | Bought a scroll of poison for 36 gold pieces
 44995 | Bazaar   | Bought a scroll of butterflies for 36 gold pieces
 44995 | Bazaar   | Bought 3 scrolls of blinking for 202 gold pieces
 44995 | Bazaar   | Bought a scroll of teleportation for 27 gold pieces
 44995 | Bazaar   | Bought a scroll of teleportation for 27 gold pieces
 44995 | Bazaar   | Bought a scroll of blinking for 67 gold pieces
 45009 | Bazaar   | Bought a scroll of poison for 52 gold pieces
 45009 | Bazaar   | Bought a scroll of revelation for 97 gold pieces
 45009 | Bazaar   | Bought a scroll of enchant armour for 97 gold pieces
 45009 | Bazaar   | Bought 2 scrolls of butterflies for 104 gold pieces
 45029 | Bazaar   | Bought the +0 pair of gloves of Exclusion {Rampage rPois
                  | rF+++ Int-2} for 465 gold pieces
 45029 | Bazaar   | Bought the +3 crown of Dyrovepreva {rElec Int+2 SInv} for
                  | 414 gold pieces
 45029 | Bazaar   | Found the +3 crown of Dyrovepreva {rElec Int+2 SInv}
 45165 | Vaults:1 | Bought the +8 mithril axe "Arga" {speed, Will+} for 904
                  | gold pieces
 45165 | Vaults:1 | Found the +8 mithril axe "Arga" {speed, Will+}
 45241 | Vaults:1 | Reached skill level 1 in Axes
 45458 | Vaults:1 | Reached skill level 5 in Axes
 45528 | Vaults:1 | Noticed Saint Roka
 45546 | Vaults:1 | Killed Saint Roka
 45784 | Vaults:1 | Noticed Nikola
 45820 | Vaults:1 | Killed Nikola
 46559 | Vaults:1 | Reached skill level 10 in Axes
 47116 | Vaults:2 | Found Disiuk's Weapon Shoppe.
 47124 | Vaults:2 | Found Idih's Armour Boutique.
 47151 | Vaults:2 | Noticed Donald
 47163 | Vaults:2 | Killed Donald
 47469 | Vaults:2 | Found Dear Paolumi's Distillery.
 47504 | Vaults:2 | Reached XP level 20. HP: 134/193 MP: 26/34
 47519 | Vaults:2 | Found a magical portal.
 47542 | WizLab   | Entered The Chambers of the Cloud Mage
 47552 | WizLab   | Paralysed by an air elemental for 1 turns
 48049 | Vaults:2 | Bought a potion of haste for 150 gold pieces
 48049 | Vaults:2 | Bought a potion of heal wounds for 75 gold pieces
 48049 | Vaults:2 | Bought a potion of might for 60 gold pieces
 48049 | Vaults:2 | Bought a potion of might for 60 gold pieces
 48049 | Vaults:2 | Bought a potion of degeneration for 15 gold pieces
 48119 | Vaults:2 | Bought a +1 cloak of willpower for 231 gold pieces
 48218 | Vaults:2 | Found a staircase to the Crypt.
 48344 | Vaults:2 | Found Zuadd's Book Boutique.
 48506 | Vaults:2 | Reached skill level 15 in Axes
 48867 | Vaults:3 | Noticed Sojobo
 48885 | Vaults:3 | Killed Sojobo
 49671 | Vaults:3 | Noticed Margery
 49687 | Vaults:3 | Killed Margery
 50192 | Vaults:3 | Identified the +5 scale mail of Zin's Vengeance {rPois
                  | Will- rCorr Dex+3}
 51338 | Vaults:4 | Reached XP level 21. HP: 162/201 MP: 35/35
 51348 | Vaults:4 | Identified the +3 kite shield of Loss {rC++ Int+3 Dex+3
                  | Stlth-}
 53056 | Elf:1    | Entered Level 1 of the Elven Halls
 53426 | Elf:1    | Reached skill level 1 in Evocations
 53901 | Elf:1    | Got the Anthology of Frozen Concussion
 54834 | Elf:2    | Found Foididd's Antique Weapon Emporium.
 54969 | Elf:2    | Noticed Norris
 54997 | Elf:2    | Killed Norris
 55413 | Elf:2    | Found a runed translucent gate.
 55413 | Elf:2    | Found a runed translucent gate.
 55413 | Elf:2    | Found a runed translucent gate.
 55829 | Elf:2    | Identified the blade talisman of a Gauntlet {Str+2 Int+3
                  | Slay+2}
 55977 | Elf:3    | Entered Level 3 of the Elven Halls
 55980 | Elf:3    | Upgraded the game from 0.32-a0-928-g1cae6b7 to
                  | 0.32-a0-931-g5a2cda0
 56159 | Elf:3    | Reached XP level 22. HP: 209/209 MP: 36/36
 57181 | Elf:3    | Identified the ring "Nongets" {Fire rPois Will+ Str+2}
 57198 | Elf:3    | Identified the ring "Qugrihu" {Fire Int-2 Dex+2 Stlth+}
 57214 | Elf:3    | Identified the ring of Qamar {Str+3 Dex+6}
 57219 | Elf:3    | Identified the +1 ring mail of Joy {rF+ Str+2}
 57655 | Elf:3    | Identified the +13 plate armour of Lucidity {rElec rC+}
 57958 | Elf:3    | Identified the +5 quarterstaff of War {flame, rN+}
 57958 | Elf:3    | Identified the +3 ring mail "Ruarei Gaini" {rN+ Int+4 SInv}
 58454 | Elf:3    | Noticed Asterion
 58473 | Elf:3    | Killed Asterion
 58659 | Elf:3    | Got the Essays on the Escort
 58664 | Elf:3    | Got the Cyclopedia of the Cricket
 58673 | Elf:3    | Got the Precepts of Sulphurous Arrival
 58684 | Elf:3    | Identified the staff of Havoc {rElec Str+4 Air}
 59071 | Depths:1 | Entered Level 1 of the Depths
 59148 | Depths:1 | Found a one-way gate leading to the halls of Pandemonium.
 59307 | Depths:1 | Found a one-way gateway to a ziggurat.
 59338 | Depths:1 | Noticed a caustic shrike
 59343 | Depths:1 | Reached skill level 22 in Invocations
 59345 | Depths:1 | Killed a caustic shrike
 60308 | Depths:2 | Reached skill level 23 in Invocations
 60667 | Depths:2 | Noticed a caustic shrike
 60681 | Depths:1 | Killed a caustic shrike
 60963 | Depths:2 | Found Fusk's Book Shop.
 60964 | Depths:2 | Found Zaorae's Jewellery Shoppe.
 60965 | Depths:2 | Found Tivac's Book Shop.
 60977 | Depths:2 | Bought the ring of Entrepreneurial Spirit {rElec rC+ Will++
                  | Int+2} for 1029 gold pieces
 61682 | Depths:3 | Identified the ring "Lenoster" {Ice rN++ Will-}
 61682 | Depths:3 | Noticed Josephina
 61697 | Depths:3 | Reached XP level 23. HP: 184/217 MP: 36/38
 61703 | Depths:3 | Killed Josephina
 61704 | Depths:3 | Reached skill level 1 in Throwing
 61704 | Depths:3 | Reached skill level 24 in Invocations
 61965 | Depths:3 | Found an ornate altar of the Wu Jian Council.
 62456 | Depths:3 | Noticed a caustic shrike
 62482 | Depths:3 | Killed a caustic shrike
 62524 | Depths:3 | Identified a scroll of acquirement
 62537 | Depths:3 | Acquired 302 gold pieces
 62722 | Depths:3 | Found a one-way gate to the infinite horrors of the Abyss.
 63025 | Depths:4 | Entered Level 4 of the Depths
 63420 | Depths:4 | Reached skill level 5 in Throwing
 64211 | Depths:4 | Found a gate to the Realm of Zot.
 64632 | Slime:1  | Entered Level 1 of the Pits of Slime
 64642 | Slime:1  | Reached skill level 25 in Invocations
 64852 | Slime:2  | Gained mutation: You are frail. (-10% HP) [a shining eye]
 65266 | Slime:5  | Entered Level 5 of the Pits of Slime
 65353 | Slime:5  | Reached skill level 26 in Invocations
 66033 | Slime:5  | Reached skill level 10 in Throwing
 66336 | Slime:5  | Reached XP level 24. HP: 205/205 MP: 40/40
 66406 | Slime:5  | Noticed the Royal Jelly
 66417 | Slime:5  | Killed the Royal Jelly
 66663 | Slime:5  | Found the crystal ball of Wucad Mu {*channel}
 66719 | Slime:5  | Got a slimy rune of Zot
 66720 | Slime:5  | Identified the ring "Facet" {rElec Will+ rCorr EV+5 Stlth+}
 66801 | Slime:5  | Identified the +3 chain mail "Iliof" {+Blink}
 66805 | Slime:5  | Identified the +1 ring mail of Stoicism {*Slow rPois rCorr
                  | Str-4}
 67514 | Zot:1    | Entered Level 1 of the Realm of Zot
 67822 | Slime:1  | Gained mutation: You are dopey. (Int -2) [a shining eye]
 68512 | D:8      | Bought a potion of cancellation for 120 gold pieces
 68512 | D:8      | Bought 5 silver javelins for 675 gold pieces
 68703 | Orc:2    | Bought 2 silver javelins for 216 gold pieces
 68886 | Vaults:2 | Bought a potion of magic for 120 gold pieces
 69047 | Zig:1    | Entered Level 1 of a ziggurat
 69062 | Zig:2    | Entered Level 2 of a ziggurat
 69081 | Zig:3    | Entered Level 3 of a ziggurat
 69118 | Zig:4    | Entered Level 4 of a ziggurat
 69162 | Zig:5    | Entered Level 5 of a ziggurat
 69251 | Zig:6    | Entered Level 6 of a ziggurat
 69254 | Zig:6    | Found the +5 Force Lance {heavy, knockback}
 69309 | Zig:6    | Identified the ring of Dinn {rN+ Will+ rCorr Str+2 Int-5
                  | Dex+2}
 69316 | Zig:6    | Identified the +3 leather armour "Idikk" {Fly rElec Regen+
                  | Int+5}
 69317 | Zig:6    | Identified the staff "Gestrin" {rPois Will++ Int-3 Alchemy}
 69324 | Zig:7    | Entered Level 7 of a ziggurat
 69326 | Zig:7    | Found the macabre finger necklace {Finger+ rN+}
 69409 | Zig:7    | Identified the +1 plate armour "Cacol" {rElec rPois Regen+
                  | Int-4}
 69434 | Zig:8    | Entered Level 8 of a ziggurat
 69438 | Zig:8    | Found the +8 Vampire's Tooth {megavamp}
 69474 | Zig:8    | Identified the +0 battleaxe "Noipp" {freeze, rElec Will+
                  | Int+2 Dex-5}
 69493 | Zig:9    | Entered Level 9 of a ziggurat
 69496 | Zig:9    | Noticed a shard shrike
 69504 | Zig:9    | Killed a shard shrike
 69593 | Zig:10   | Entered Level 10 of a ziggurat
 69650 | Zig:10   | Identified the +4 mace "Odeawe Rerch" {drain, Will+ rCorr
                  | Int+3 Dex+3}
 69651 | Zig:10   | Identified the ring of Vehumet's Regard {rPois rF+ Str+5
                  | Int+3 Dex-5}
 69654 | Zig:10   | Identified the +1 plate armour "Vuinnokk" {rF+ Dex-3 SInv}
 69663 | Zig:11   | Entered Level 11 of a ziggurat
 69668 | Zig:11   | Noticed an ancient lich
 69672 | Zig:11   | Killed an ancient lich
 69706 | Zig:11   | Reached XP level 25. HP: 178/213 MP: 30/40
 69708 | Zig:11   | Got the Teachings on Refulgent Kindling
 69770 | Zig:12   | Entered Level 12 of a ziggurat
 69783 | Zig:12   | Noticed a dread lich
 69789 | Depths:1 | Acquired a manual of Throwing
 69850 | Zot:1    | Noticed an orb of fire
 70354 | Depths:4 | Gained mutation: You are very frail. (-20% HP) [an orb of
                  | fire]
 70358 | Depths:4 | Gained mutation: Your magical capacity is low. (-10% MP)
                  | [an orb of fire]
 70369 | Depths:4 | Gained mutation: You do not regenerate when monsters are
                  | visible. [an orb of fire]
 70377 | Depths:4 | Killed an orb of fire
 70388 | Depths:4 | Lost mutation: You are dopey. (Int -2) [potion of mutation]
 70388 | Depths:4 | Lost mutation: You are very frail. (-20% HP) [potion of
                  | mutation]
 70388 | Depths:4 | Lost mutation: You do not regenerate when monsters are
                  | visible. [potion of mutation]
 70388 | Depths:4 | Gained mutation: You have a pair of small horns on your
                  | head. [potion of mutation]
 70388 | Depths:4 | Gained mutation: Your muscles are strong. (Str +4, Int/Dex
                  | -1) [potion of mutation]
 71152 | Zot:1    | Identified the +11 fire dragon scales "Ceubat" {rElec rF++
                  | rC- Slay+2}
 72028 | Zot:1    | Reached XP level 26. HP: 183/222 MP: 36/36
 72078 | Zot:1    | Noticed a dread lich
 72091 | Zot:1    | Killed a dread lich
 72194 | Zot:1    | Noticed a dread lich
 72212 | Zot:1    | Killed a dread lich
 72300 | Zot:1    | Found a faded altar of an unknown god.
 72332 | Zot:1    | Identified the +10 dagger of Destiny {vamp, rPois rF+ Will+
                  | Str+2}
 73205 | Zot:2    | Reached skill level 15 in Throwing
 73375 | Zot:2    | Found a transporter.
 73812 | Zot:2    | Found a transporter.
 74675 | Zot:3    | Reached skill level 10 in Dodging
 74893 | Zot:3    | Reached skill level 27 in Invocations
 75352 | Zot:4    | Noticed an orb of fire
 75360 | Zot:4    | Gained mutation: You have hidden genetic defects. [an orb
                  | of fire]
 75362 | Zot:3    | Gained mutation: You occasionally lose the ability to drink
                  | potions when taking damage. [an orb of fire]
 75376 | Zot:3    | Gained mutation: You are clumsy. (Dex -2) [an orb of fire]
 75379 | Zot:3    | Killed an orb of fire
 76033 | Zot:4    | Reached XP level 27. HP: 141/233 MP: 36/36
 76280 | Zot:4    | Gained mutation: Armour fits poorly on your strangely
                  | shaped body. [hidden defects]
 76375 | Zot:4    | Lost mutation: You are clumsy. (Dex -2) [potion of
                  | mutation]
 76375 | Zot:4    | Lost mutation: You have hidden genetic defects. [potion of
                  | mutation]
 76375 | Zot:4    | Lost mutation: You have a pair of small horns on your head.
                  | [potion of mutation]
 76375 | Zot:4    | Lost mutation: Armour fits poorly on your strangely shaped
                  | body. [potion of mutation]
 76375 | Zot:4    | Gained mutation: Your magical capacity is very low. (-20%
                  | MP) [potion of mutation]
 76717 | Zot:5    | Entered Level 5 of the Realm of Zot
 78291 | Zot:5    | Noticed an orb of fire
 78296 | Zot:5    | Gained mutation: You are vulnerable to cold. (rC-) [an orb
                  | of fire]
 78314 | Zot:5    | Gained mutation: Your spells are a little easier to cast,
                  | but a little less powerful. [an orb of fire]
 78315 | Zot:5    | Gained mutation: You are clumsy. (Dex -2) [an orb of fire]
 78315 | Zot:5    | Noticed an orb of fire
 78316 | Zot:5    | Noticed an orb of fire
 78317 | Zot:5    | Killed an orb of fire
 78320 | Zot:5    | Gained mutation: Your spells are easier to cast, but less
                  | powerful. [an orb of fire]
 78325 | Zot:5    | Killed an orb of fire
 78325 | Zot:5    | Lost mutation: Your muscles are strong. (Str +4, Int/Dex
                  | -1) [an orb of fire]
 78326 | Zot:5    | Killed an orb of fire
 78354 | Zot:5    | Noticed an ancient lich
 78356 | Zot:5    | Noticed an orb of fire
 78374 | Zot:5    | Gained mutation: Your magical capacity is extremely low.
                  | (-30% MP) [an orb of fire]
 78376 | Zot:5    | Killed an ancient lich
 78378 | Zot:5    | Gained mutation: Armour fits poorly on your strangely
                  | shaped body. [an orb of fire]
 78384 | Zot:5    | Killed an orb of fire
 78385 | Zot:5    | Noticed an orb of fire
 78390 | Zot:5    | Killed an orb of fire
 78425 | Zot:5    | Noticed an orb of fire
 78426 | Zot:5    | Noticed an orb of fire
 78430 | Zot:5    | Gained mutation: You sometimes lose your temper in combat.
                  | [an orb of fire]
 78437 | Zot:5    | Noticed an orb of fire
 78437 | Zot:5    | Gained mutation: You occasionally lose the ability to read
                  | scrolls when taking damage. [an orb of fire]
 78437 | Zot:5    | Gained mutation: You are very clumsy. (Dex -4) [an orb of
                  | fire]
 78445 | Zot:5    | Noticed an ancient lich
 78448 | Zot:5    | Noticed an orb of fire
 78449 | Zot:5    | Gained mutation: You sometimes lose the ability to read
                  | scrolls when taking damage. [an orb of fire]
 78454 | Zot:5    | Noticed an orb of fire
 78460 | Zot:5    | Killed an orb of fire
 78463 | Zot:5    | Gained mutation: You are weak. (Str -2) [an orb of fire]
 78464 | Zot:5    | Gained mutation: You sometimes lose the ability to drink
                  | potions when taking damage. [an orb of fire]
 78465 | Zot:5    | Killed an orb of fire
 78467 | Zot:5    | Killed an orb of fire
 78479 | Zot:5    | Killed an orb of fire
 78479 | Zot:5    | Gained mutation: You are very weak. (Str -4) [an orb of
                  | fire]
 78666 | Zot:5    | Lost mutation: You are very clumsy. (Dex -4) [an orb of
                  | fire]
 78685 | Zot:4    | Killed an orb of fire
 78733 | Zot:4    | Lost mutation: Armour fits poorly on your strangely shaped
                  | body. [potion of mutation]
 78733 | Zot:4    | Lost mutation: You are very weak. (Str -4) [potion of
                  | mutation]
 78733 | Zot:4    | Lost mutation: You sometimes lose the ability to read
                  | scrolls when taking damage. [potion of mutation]
 78733 | Zot:4    | Lost mutation: Your spells are easier to cast, but less
                  | powerful. [potion of mutation]
 78734 | Zot:4    | Lost mutation: You sometimes lose the ability to drink
                  | potions when taking damage. [potion of mutation]
 78734 | Zot:4    | Lost mutation: Your magical capacity is extremely low.
                  | (-30% MP) [potion of mutation]
 78734 | Zot:4    | Lost mutation: You are frail. (-10% HP) [potion of
                  | mutation]
 78735 | Zot:4    | Lost mutation: You are weak. (Str -2) [potion of mutation]
 78735 | Zot:4    | Lost mutation: You occasionally lose the ability to read
                  | scrolls when taking damage. [potion of mutation]
 78735 | Zot:4    | Lost mutation: You are clumsy. (Dex -2) [potion of
                  | mutation]
 78735 | Zot:4    | Gained mutation: You have a pair of small horns on your
                  | head. [potion of mutation]
 79140 | Zot:5    | Killed an ancient lich
 79851 | Zot:5    | Upgraded the game from 0.32-a0-931-g5a2cda0 to
                  | 0.32-a0-932-g5467873
 82425 | Zot:5    | Got the Orb of Zot
 82502 | Zot:4    | Noticed Limajoz the pandemonium lord
 82955 | D:$      | Escaped with the Orb!

Illustrated notes

Levels and vault maps discovered:
D:1:      nzn_arrival_depleted_hourglass, layout_loops_ring,
          minmay_misc_feat_secret_circle
D:2:      layout_loops_ring, minmay_tetromino_o4
D:3:      minmay_skewed_foursquare, layout_basic, demons_altar,
          dreamdust_princess_corridor, uniq_crazy_yiuf_cottage
D:4:      layout_cave_pods, temple_pool_b, gammafunk_ghost_nasty_kobolds,
          kennysheep_generic_room_13, uniq_blork_the_orc
D:5:      layout_cave_pools, tso_metal_star, cheibrodos_gnoll_hut
D:6:      layout_loops_corners, serial_undead, serial_undead_e, serial_undead_f,
          serial_undead_a, serial_undead_a
D:7:      minmay_angry_zag, layout_basic, kennysheep_generic_room_10
D:8:      layout_loops_ring, vehumet_statue, evilmike_ruin_ashenzari,
          serial_shops, shop, onia_ninara_dug_in_and_dangerous
D:9:      layout_layer_cave, minmay_lair_entry_grove, serial_shops, shop,
          enter_bailey_3, minmay_st_funbox
D:10:     layout_loops_corners, yredelemnul_altar_generic,
          nicolae_overflow_squiral, gammafunk_ghost_cemetery, fungi_pond_lemuel,
          nicolae_nh_ransacked_shop
D:11:     layout_basic, serial_shops, nicolae_shop_pleasant_corner_grove,
          nicolae_trove_entry_columns
D:12:     layout_irregular_city, erik_orc_2, biasface_ghost_orc_armoury,
          zin_treasury
D:13:     layout_loops_ring, erik_vaults_2, minivault_21
D:14:     layout_long_grid, nicolae_BIG_FREAKIN_CUBE,
          eat_drink_and_be_merry_uskayaw
D:15:     hangedman_spin_cycle, uniq_agnes
Temple:   hellmonk_temple_two_chambers
Lair:1:   beast_lair_carwin_large_3, layout_small_grid,
          chequers_serial_rivers_large_a, lemuel_fruit_tree,
          serial_bayou_shore_b
Lair:2:   layout_chaotic_city, serial_bayou_shore_b
Lair:3:   layout_loops_ring, shoals_dummy_entry,
          nicolae_snake_entry_warm_welcome, infiniplex_staircase_pool
Lair:4:   layout_roguey, slime_entry_2
Lair:5:   evil_forest, layout_long_grid, infiniplex_staircase_pool_2
Shoals:1: layout_shoals, nicolae_shoals_loop_pool
Shoals:2: layout_shoals, serial_shops, nicolae_shop_gaudy_bauble,
          nicolae_shoals_lost_giant_temple, nicolae_tricolors, uniq_polyphemus
Shoals:3: layout_shoals
Shoals:4: shoals_end_hellmonk_storm_palace [storm_palace_center_square,
          storm_palace_corner_blocked, storm_palace_corner_altar,
          storm_palace_corner_grid, storm_palace_corner_pillars]
Snake:1:  layout_rooms, nicolae_shop_overcharged_wands
Snake:2:  layout_onion_interference, portal_ice_cave_entry_frozen_things,
          nicolae_coiled_stairwell_down, uniq_vashnia, uniq_azrael,
          uniq_frances, uniq_aizul
Snake:3:  layout_rooms, grunt_ministairs_5, uniq_roxanne
Snake:4:  snake_pit_salamanders_mu, layout_misc_corridors,
          guppyfry_snake_island, uniq_mlioglotl
Slime:1:  layout_caves
Slime:2:  layout_caves
Slime:3:  cheibrodos_slime_lost_civilization_9, layout_caves
Slime:4:  layout_caves
Slime:5:  slime_pit_nicolae_royal_road_to_ruin
Orc:1:    layout_caves, basic_altar, serial_shops, shop, trog_butcher_becter
Orc:2:    st_orc_congregation, layout_caves, gammafunk_ghost_split
Elf:1:    eino_elf_arrival_sip, layout_geoelf_diagonals, hangedman_elf_disciples
Elf:2:    nicolae_elf_blades_splatter_lattice [mumra_blade_entry_dagger],
          layout_gridlike, serial_shops, nicolae_shop_tiny_glass, drop_trap,
          hangedman_elf_targeted_burst, uniq_norris
Elf:3:    minmay_elf_hall_curves, layout_loops_cross, uniq_asterion
Vaults:1: nicolae_vaults_big_angled_halls, grunt_vaults_twisty,
          nicolae_vaults_trapezoid_layered, vaults_mumra_hexcomb,
          vaults_room_grid, v_misc_9, vaults_room_stairs_pillars, v_misc_28,
          nicolae_vaults_six-pack, dpeg_vaults_monster_box,
          layout_vaults_omnigrid, serial_shops, bzr_in_the_mist, shop,
          uniq_nikola, uniq_saint_roka
Vaults:2: infiniplex_enter_wizlab_water, ontoclasm_vaults_loading_screen,
          nicolae_vaults_three_branches, nicolae_vaults_puzzle_piece,
          minmay_crypt_entry_simple_walls, hangedman_vaults_stagger,
          nicolae_vaults_angled_halls, nicolae_vaults_taking_the_gang_shopping,
          v_misc_28, v_misc_10, nicolae_vaults_offset_grid_hallway_3,
          nicolae_vaults_circle_grid_a, vaults_room_door_ring,
          nicolae_vaults_trapezoid_lopsided_1, layout_vaults_omnibox,
          serial_shops, shop, nicolae_shop_statue_plus, shop, uniq_donald
Vaults:3: nicolae_vaults_network_quincunx
          [nicolae_vaults_network_quincunx_subvault,
          nicolae_vaults_network_quincunx_subvault,
          nicolae_vaults_network_quincunx_subvault,
          nicolae_vaults_network_quincunx_subvault,
          nicolae_vaults_network_quincunx_subvault], v_rooms_4,
          grunt_vaults_funnel, vaults_room_fours, nicolae_vaults_tetromino_Z_1,
          nicolae_vaults_sealed_display, vaults_room_corners,
          layout_vaults_chaotic_city, uniq_margery, uniq_sojobo
Vaults:4: nicolae_vaults_mitosis, nicolae_vaults_ninety_degrees,
          nicolae_vaults_double_plus_3, nicolae_vaults_apartment_1,
          special_room_vaults [special_room_orc], hangedman_vaults_pinch,
          ontoclasm_vaults_gateway, nicolae_vaults_big_ls,
          hangedman_vaults_variations, nicolae_vaults_little_squares_2,
          nicolae_vaults_border_crossing, layout_vaults_omnicross
Depths:1: layout_cave_shapes, enter_ziggurat_d, grunt_hell_entry_dis_grunt,
          rand_demon_pan_entry_7, minmay_variable_closet, minmay_pinched_square
Depths:2: minmay_tri_box, layout_cave_pools, hangedman_geh_valley,
          rand_demon_pan_entry_9, minmay_misc_feat_pillars, minmay_shop_grove
Depths:3: nzn_winding_woodlands_cross [nzn_winding_woodlands_5x15_sawtooth,
          nzn_winding_woodlands_5x15_concentric,
          nzn_winding_woodlands_5x15_longhouse,
          nzn_winding_woodlands_5x15_garden,
          nzn_winding_woodlands_15x15_thick_spiral], layout_cave_pools,
          nicolae_wu_jian_wuxing_cycle, hell_entry, abyss_entry, uniq_josephina
Depths:4: grunt_zot_entry_alcove, layout_cave_pools, hangedman_coc_ice_floe,
          dk_noncrumbling_3, glass_columns_a, corexii_corridor_pit
Zot:1:    regret_index_infernal_bastille, layout_basic,
          regret_index_zotdec_silver_v_v_orig_slice
Zot:2:    gammafunk_sealed_arena, layout_misc_corridors,
          hangedman_zot_diagonal_lockstep, nicolae_zot_crop_circle
Zot:3:    layout_concentric_octagons, regret_index_zotdec_onion_hex,
          evilmike_ambush [evilmike_ambush_outer_basic,
          evilmike_ambush_inner_cross]
Zot:4:    layout_onion_interference, grunt_megastairs_2
Zot:5:    layout_basic

Skill      XL: |  1  2  3  4  5  6  7  8  9 10 11 12 13 14 15 16 17 18 19 20 21 22 23 24 25 26 27 |
---------------+----------------------------------------------------------------------------------+-----
Maces & Flails | 3 4 5 7 8 11 13 14 | 14.0
Shields        | 4 5 7 10 15 16 17 18 21 24 25 | 25.4
Fighting       | 4 5 6 7 9 11 13 14 15 16 17 18 19 20 21 22 23 25 | 25.3
Invocations    | 3 7 10 13 15 16 17 18 20 21 23 26 27 | 27.0
Armour         | 4 8 9 11 12 14 16 17 18 20 21 22 23 | 23.8
Dodging        | 1 3 4 6 7 8 9 10 11 | 11.6
Axes           | 12 15 | 15.9
Evocations     | 3 |  3.0
Throwing       | 11 13 14 16 17 | 17.6

Action                     |  1- 3 |  4- 6 |  7- 9 | 10-12 | 13-15 | 16-18 | 19-21 | 22-24 | 25-27 || total
---------------------------+-------+-------+-------+-------+-------+-------+-------+-------+-------++-------
  Melee: Flail             |   131 |   165 |       |       |       |       |       |       |       ||   296
         Mace              |       |    32 |   363 |   753 |   642 |       |       |       |       ||  1790
         Demon whip        |       |       |       |       |   761 |  1672 |   780 |     4 |       ||  3217
         Broad axe         |       |       |       |       |       |       |   860 |  1598 |  1545 ||  4003
         Headbutt          |       |       |       |       |       |       |       |       |   365 ||   365
  Throw: Javelin           |       |     5 |     7 |     2 |       |     7 |       |    13 |    42 ||    76
         Throwing net      |       |     2 |     1 |       |       |       |       |       |       ||     3
         Dart              |       |       |       |     9 |       |       |       |     4 |       ||    13
         Boomerang         |       |       |       |    10 |    18 |       |       |       |       ||    28
 Invoke: Upheaval          |       |       |     1 |     6 |    21 |     6 |    26 |    26 |     1 ||    87
         Elemental Force   |       |       |       |     1 |       |     4 |     6 |       |       ||    11
         Disaster Area     |       |       |       |       |       |     4 |     1 |       |     1 ||     6
  Evoke: Wand              |       |       |     5 |     1 |     1 |     1 |       |     2 |     1 ||    11
         Phantom mirror    |       |       |       |       |       |     1 |       |       |       ||     1
    Use: Scroll            |       |     5 |     8 |     8 |     7 |     5 |     2 |     8 |    11 ||    54
         Potion            |       |     4 |       |     2 |     1 |     1 |       |     2 |    13 ||    23
   Stab: Distracted        |       |       |       |     1 |       |       |       |       |       ||     1
         Paralysed         |       |       |       |       |       |     3 |     7 |       |       ||    10
 Armour: Scale mail        |    92 |   204 |   110 |       |       |       |       |       |       ||   406
         Chain mail        |       |       |   126 |   338 |       |       |       |       |       ||   464
         Plate armour      |       |       |       |   229 |   586 |   491 |   357 |   430 |   452 ||  2545
  Dodge: Dodged            |    66 |    77 |    96 |   164 |   215 |   131 |   116 |    82 |   181 ||  1128
         Repelled          |       |       |       |     4 |    25 |    58 |    68 |    68 |   143 ||   366
  Block: Buckler           |    20 |    49 |    88 |   300 |   293 |       |       |       |       ||   750
         Kite shield       |       |       |       |       |   677 |  1438 |   854 |       |       ||  2969
         Reflection        |       |       |       |       |    75 |   169 |   133 |    65 |    29 ||   471
         Tower shield      |       |       |       |       |       |       |   280 |  1325 |  1359 ||  2964

Table legend: (Time is in decaauts)
 A = Elapsed time spent in this place.
 B = Non-inter-level travel time spent in this place.
 C = Inter-level travel time spent in this place.
 D = Time resting spent in this place.
 E = Time spent auto-exploring this place.
 F = Levels seen in this place.
 G = Mean time per level.
                   A        B        C        D        E       F      G
               +--------+--------+--------+--------+--------+-----+--------+
         Total |  79354 |  68049 |  11305 |  24566 |  26921 |  69 | 1150.1 |
       Dungeon |  23127 |  18449 |   4678 |   4869 |   9086 |  15 | 1541.8 |
        Temple |     38 |     33 |      5 |      0 |      0 |   1 |   38.0 |
          Lair |   8395 |   6626 |   1769 |   1474 |   3421 |   5 | 1679.0 |
        Shoals |   7059 |   6711 |    348 |   3417 |   2085 |   4 | 1764.8 |
     Snake Pit |   5527 |   5026 |    501 |   2263 |   1638 |   4 | 1381.8 |
    Slime Pits |   1982 |   1698 |    284 |    584 |    340 |   5 |  396.4 |
  Orcish Mines |   2554 |   2144 |    410 |    582 |   1012 |   2 | 1277.0 |
   Elven Halls |   5072 |   4517 |    555 |   1672 |   1657 |   3 | 1690.7 |
        Vaults |   7358 |   6198 |   1160 |   1541 |   3123 |   4 | 1839.5 |
        Depths |   6076 |   5108 |    968 |   1900 |   1912 |   4 | 1519.0 |
           Zot |  11219 |  10596 |    623 |   6044 |   2564 |   5 | 2243.8 |
         Abyss |     57 |     57 |      0 |      0 |      0 |   1 |   57.0 |
      Ziggurat |    634 |    634 |      0 |    210 |      0 |  12 |   52.8 |
        Bazaar |    134 |    134 |      0 |      0 |     80 |   1 |  134.0 |
         Trove |     68 |     68 |      0 |      0 |      0 |   1 |   68.0 |
        Bailey |     29 |     29 |      0 |      4 |      0 |   1 |   29.0 |
        Wizlab |     16 |     16 |      0 |      3 |      0 |   1 |   16.0 |
               +--------+--------+--------+--------+--------+-----+--------+

Top non-repeatable levels by time:
   Zot:5: 5112 daAuts
     D:9: 2575 daAuts
  Lair:1: 2561 daAuts
     D:8: 2503 daAuts
Shoals:4: 2409 daAuts
   Zot:1: 2368 daAuts
   Elf:3: 2344 daAuts
     D:3: 2262 daAuts
Vaults:1: 2103 daAuts
 Snake:4: 2032 daAuts
Shoals:3: 1912 daAuts
Depths:4: 1890 daAuts
     D:4: 1866 daAuts
   Zot:3: 1853 daAuts
Vaults:4: 1792 daAuts
